 Dungeon Crawl Stone Soup version 0.26.0-10-g1f06aea511 (webtiles) character file.

Game seed: 11902709011198402810

153 nightchill the Chopper (level 5, -8/46 HPs)
             Began as a Ghoul Gladiator on Jan 28, 2021.
             Killed from afar by Natasha (10 damage)
             ... with a magic dart
             ... on level 4 of the Dungeon.
             The game lasted 00:08:33 (3388 turns).

nightchill the Chopper (Ghoul Gladiator)            Turns: 3388, Time: 00:08:34

Health: -8/46      AC:  7    Str: 18    XL:     5   Next: 35%
Magic:  4/4        EV: 13    Int:  4    God:
Gold:   135        SH:  3    Dex: 10    Spells: 4/4 levels left

rFire    + . .     SeeInvis .   a - +0 war axe
rCold    + . .     Faith    .   E - +0 buckler
rNeg     + + +     Spirit   .   B - +0 scale mail
rPois    ∞         Reflect  .   c - +0 helmet
rElec    .         Harm     .   (no cloak)
rCorr    .         Rampage  .   (no gloves)
Will     .....                  (no boots)
Stlth    ..........             y - amulet of the acrobat
HPRegen  0.00/turn              s - +4 ring of evasion
MPRegen  0.09/turn              x - ring of protection from fire

@: slowed, very slow
A: claws 1, cold resistance 1, negative energy resistance 3, inhibited
regeneration, torment resistance, unbreathing
a: no special abilities


You were on level 4 of the Dungeon.
You visited 1 branch of the dungeon, and saw 4 of its levels.

You collected 135 gold pieces.

Inventory:

Hand Weapons
 a - a +0 war axe (weapon)
 q - a +0 hunting sling
Missiles
 d - 3 throwing nets (quivered)
 k - 151 stones
 n - 8 poisoned darts
Armour
 c - a +0 helmet (worn)
 B - a +0 scale mail (worn)
 C - a +0 tower shield
 E - a +0 buckler (worn)
Jewellery
 g - an uncursed ring of fire
 p - an uncursed ring of resist corrosion
 s - a +4 ring of evasion (left claw)
 x - a ring of protection from fire (right claw)
 y - an amulet of the acrobat (around neck)
Wands
 o - a wand of enslavement (9)
Scrolls
 f - a scroll of fear {unknown}
 h - 4 scrolls of remove curse {unknown}
 j - 4 scrolls of identify {unknown}
 t - a scroll of teleportation {unknown}
 v - a scroll of amnesia {unknown}
 w - 2 scrolls of enchant weapon {unknown}
 A - a scroll of blinking {unknown}
Potions
 b - a potion of brilliance {unknown}
 e - a potion of attraction {unknown}
 l - 2 potions of flight {unknown}
 m - a potion of haste {unknown}
 r - a potion of mutation {unknown}
 u - a potion of might
 z - a potion of berserk rage
 D - a potion of degeneration {unknown}


   Skills:
 + Level 3.8 Fighting
 * Level 4.6 Axes
 - Level 1.7 Throwing
 - Level 2.6 Dodging


You had 4 spell levels left.
You didn't know any spells.
Your spell library was empty.

Dungeon Overview and Level Annotations

Branches:
Dungeon (4/15)
 Temple: D:4-7

Altars:
Qazlal

Annotations:
D:3 2 runed translucent doors, Raspi's ghost, weakling DsFi
D:4 Natasha


Innate Abilities, Weirdness & Mutations

You thrive by killing the living.
You are immune to poison.
You have sharp fingernails.
Your flesh is cold resistant. (rC+)
You are immune to negative energy. (rN+++)
You do not regenerate when monsters are visible.
You are immune to unholy pain and torment.
You can survive without breathing.


Message History

Natasha stares at you and mumbles some strange words.
The magic dart hits you.
* * * LOW HITPOINT WARNING * * *
The crimson imp misses you. Natasha casts a spell at you.
You feel as though you will be slow longer.
The crimson imp completely misses you.
You barely miss Natasha.
Natasha is heavily wounded.
You hit the crimson imp but do no damage.
The crimson imp disappears in a puff of smoke!
Natasha stares at you and mumbles some strange words.
The magic dart hits you!
* * * LOW HITPOINT WARNING * * *
Natasha claws you but does no damage.
It was a potion of berserk rage.
You cannot raise a blood rage in your lifeless body.
Natasha stares at you and mumbles some strange words.
The magic dart hits you!
You die...

### #.. #.. #.. #.. #
##..
.#..#################<..
......h@................
.#.#.##§............##..
#.............##..
#.............##..
#######.########## .....
#......! ...........
>.....######


You could see Natasha.

Vanquished Creatures
  A howler monkey skeleton (D:4)
  3 gnolls (D:3)
  2 adders (D:2)
  2 oozes
  6 worms
  5 dart slugs
  2 orcs (D:3)
  2 giant cockroaches
  7 goblins
  6 hobgoblins
  A quokka (D:3)
  4 ball pythons
  4 bats
  A frilled lizard (D:3)
  11 kobolds
  10 rats
67 creatures vanquished.

Notes
Turn   | Place    | Note
-------+----------+-------------------------------------------
     0 | D:1      | nightchill the Ghoul Gladiator began the quest for the Orb.
     0 | D:1      | Reached XP level 1. HP: 17/17 MP: 0/0
   245 | D:1      | Reached skill level 3 in Axes
   249 | D:1      | Reached XP level 2. HP: 20/25 MP: 1/1
   440 | D:1      | Reached XP level 3. HP: 29/30 MP: 2/2
  1585 | D:2      | Found a stormy altar of Qazlal.
  1631 | D:2      | Reached XP level 4. HP: 32/38 MP: 3/3
  1720 | D:2      | Reached skill level 4 in Axes
  2524 | D:3      | Found a runed translucent door.
  3007 | D:3      | Reached XP level 5. HP: 38/45 MP: 4/4
  3263 | D:3      | Found a runed translucent door.
  3263 | D:3      | Noticed Raspi's ghost (weakling DsFi)
  3364 | D:4      | Noticed Natasha
  3387 | D:4      | HP: 2/46 [Natasha/magic dart (9)]
  3388 | D:4      | Killed from afar by Natasha

Illustrated notes

Levels and vault maps discovered:
D:1:      psy_arrival_spokes, layout_basic, minmay_misc_feat_enclosed
D:2:      cheibrodos_helix_gallery, layout_basic, general_overflow_altar
D:3:      layout_rooms, ebering_ghost_sewer_f
D:4:      layout_basic, marbit_many_paths, gammafunk_ghost_grave, uniq_natasha

Skill      XL: |  1  2  3  4 |
---------------+-------------+-----
Axes           | 3 4 |  4.6
Fighting       | 3 |  3.8
Throwing       | |  1.7
Dodging        | |  2.6

Action                   |  1- 3 |  4- 6 || total
-------------------------+-------+-------++-------
Melee: War axe           |   101 |   157 ||   258
  Use: Potion            |     1 |     2 ||     3
Armor: Leather armour    |    27 |       ||    27
       Ring mail         |       |    21 ||    21
       Scale mail        |       |    29 ||    29
Dodge: Dodged            |    77 |   121 ||   198
Block: Buckler           |       |    17 ||    17
